 Dungeon Crawl Stone Soup version 0.20-a0-927-g1ae2c61 (console) character file.

17108 nht the Brawler (level 12, -3/111 HPs)
             Began as a Red Draconian Transmuter on Mar 29, 2017.
             Was a High Priest of Ru.
             Slain by a black mamba (6 damage)
             ... on level 4 of the Lair of Beasts.
             The game lasted 00:31:43 (10413 turns).

nht the Brawler (Red Draconian Transmuter)         Turns: 10413, Time: 00:31:44

Health: -3/111     AC: 14    Str: 18    XL:     12   Next: 16%
Magic:  0/24       EV: 11    Int: 19    God:    Ru [*****.]
Gold:   678        SH:  0    Dex: 11    Spells: 1/15 levels left

rFire    + . .     SeeInvis .     - Unarmed
rCold    . . .     Gourm    .   (no shield)
rNeg     . . .     Faith    .   (armour unavailable)
rPois    +         Spirit   +   D - +0 hat
rElec    .         Reflect  .   (no cloak)
rCorr    .         Harm     .   H - +2 pair of gloves
MR       .....                  y - +2 pair of boots
Stlth    ..........             x - amulet of guardian spirit
Regen    0.3/turn               m - ring of poison resistance
MPRegen  0.2/turn               s - ring of magical power

@: berserking, lethally poisoned (-3 -> -8), very slightly contaminated,
drained, very quick
A: breathe fire, unfitting armour, fire resistance 1, frail 1, cold-blooded, no
stealth, inability to train dodging, AC +8
a: Breathe Fire, Draw Out Power, Power Leap, Apocalypse, Renounce Religion


You were on level 4 of the Lair of Beasts.
You worshipped Ru.
Ru was extremely pleased with you.
You were hungry.

You visited 3 branches of the dungeon, and saw 13 of its levels.

You collected 678 gold pieces.

Inventory:

Missiles
 a - 161 arrows
Armour
 y - a +2 pair of boots (worn)
 D - a +0 hat (worn)
 H - a +2 pair of gloves (worn)
Jewellery
 l - a +1 ring of protection {unknown}
 m - a ring of poison resistance (left hand)
 p - an uncursed amulet of rage
 s - a ring of magical power (right hand)
 x - an amulet of guardian spirit (around neck)
Wands
 d - a wand of iceblast (8/15)
 t - a wand of clouds (0/9)
 C - a wand of confusion (33/48)
 F - a wand of iceblast (11/15)
 G - a wand of polymorph (15/24)
 I - a wand of paralysis (13/24)
 L - a wand of scattershot (5/9)
Scrolls
 i - 2 scrolls of teleportation
 j - 8 scrolls of recharging
 k - 3 scrolls of enchant armour
 q - 7 scrolls of remove curse
 u - a scroll of fog
 v - a scroll of magic mapping
 z - a scroll of blinking
 K - a scroll of amnesia
Potions
 e - 4 potions of curing
 h - 2 potions of flight
 n - 4 potions of heal wounds
 r - a potion of mutation
 A - a potion of brilliance
 B - 2 potions of cancellation
 E - a potion of agility
Books
 b - a book of Changes

   Spells                             Type                      Level
   a - Beastly Appendage              Transmutation                1
   b - Sticks to Snakes               Transmutation                2
   c - Spider Form                    Transmutation/Poison         3
   d - Ice Form                       Ice/Transmutation            4
   e - Blade Hands                    Transmutation                5
Comestibles
 c - 13 bread rations
 f - 9 meat rations
 g - 7 royal jellies


   Skills:
 - Level 1.1(0.9) Fighting
 * Level 15.8(15.6) Unarmed Combat
 - Level 2.0(1.8) Spellcasting
 + Level 11.5(11.3) Transmutations


You had one spell level left.
You knew the following spells:

 Your Spells              Type           Power        Failure   Level  Hunger
a - Blade Hands           Tmut           #####.....   6%          5    ######.
b - Sticks to Snakes      Tmut           #####...     1%          2    ###....
c - Spider Form           Tmut/Pois      ###.......   6%          3    ###....
d - Ice Form              Ice/Tmut       ###.....     17%         4    #####..


Dungeon Overview and Level Annotations

Branches:
Dungeon (8/15)             Temple (1/1) D:4            Lair (4/6) D:8
  Swamp (0/4) Lair:2        Snake (0/4) Lair:3

Altars:
Ashenzari
Cheibriados
Dithmenos
Elyvilon
Fedhas
Gozag
Hepliaklqana
Kikubaaqudgha
Makhleb
Nemelex Xobeh
Okawaru
Qazlal
Ru
Sif Muna
Trog
Vehumet
Wu Jian
Xom
Yredelemnul
Zin
The Shining One


Innate Abilities, Weirdness & Mutations

You can breathe blasts of fire.
Your fiery red scales are hard. (AC +8)
You cannot fit into any form of body armour.
Your flesh is heat resistant. (rF+)
You are frail. (-10% HP)
You are cold-blooded and may be slowed by cold attacks.
You cannot be stealthy.
You cannot train Dodging skill.


Message History

The blink frog barely misses you.
You miss the blink frog.
The blink frog is lightly wounded.
The black mamba bites you!
* * * LOW HITPOINT WARNING * * *
You closely miss the blink frog.
The blink frog is lightly wounded.
* * * LOW HITPOINT WARNING * * *
You feel sick.
The blink frog is stunned by your will and fails to attack.
The black mamba is stunned by your will and fails to attack.
You barely miss the black mamba.
The black mamba is severely wounded.
The blink frog blinks!
The black mamba bites you.
* * * LOW HITPOINT WARNING * * *
You barely miss the black mamba.
The black mamba is severely wounded.
* * * LOW HITPOINT WARNING * * *
You feel sick. The black mamba bites you.
You die...

................F...........
.........██ █...........
█.P██..<.██ ████.....██.██
█...█.....████.███....██
...█......█....██P....██
...██....P█.....█......█..
...██..........███........
...██.....P█..████......█.
...██.....██.███@S....█.█ █
█.█.█....███+÷█.§.....███
.███..................█
........<................
██████..█..█████████████. █
██.████ █ ███


You could see a black mamba.

Vanquished Creatures
  Gastronok (Lair:1)
  6 elephants (Lair:4)
  3 black mambas
  3 spiny frogs
  A rime drake (Lair:4)
  A komodo dragon (Lair:4)
  A polar bear (Lair:3)
  Prince Ribbit (D:8)
  9 blink frogs
  2 wyverns
  5 yaks (Lair:1)
  A basilisk (Lair:3)
  4 hogs (D:7)
  A human (D:7)
  4 vampire mosquitoes (Lair:2)
  Edmund (D:4)
  Menkaure (D:4)
  4 nagas (Lair:3)
  5 water moccasins
  6 porcupines
  3 sky beasts
  2 orc warriors
  An ice beast (D:5)
  A black bear (D:8)
  5 ogres
  A wolf (Lair:2)
  3 phantoms
  12 crocodiles
  4 centaurs
  13 bullfrogs
  2 big kobolds
  3 scorpions
  2 howler monkeys
  6 crimson imps
  A centaur zombie (D:5)
  3 jellies
  A bullfrog zombie (D:5)
  A centaur skeleton (D:8)
  4 hounds
  A gnoll shaman (D:8)
  2 orc priests
  4 orc wizards
  4 iguanas
  5 worker ants
  A worker ant zombie (D:7)
  Robin (D:4)
  3 gnolls (D:8)
  13 adders
  2 shadow imps (D:5)
  An adder skeleton (D:7)
  4 worms
  5 leopard geckos
  32 orcs
  4 bats
  2 giant cockroaches
  4 hobgoblins
  4 jackals (D:4)
  16 kobolds
  8 quokkas
  4 ball pythons
  13 goblins
  A leopard gecko zombie (D:5)
  A quokka skeleton (D:7)
  3 rats
  A fungus (Lair:4)
  A plant (Lair:4)
268 creatures vanquished.

Vanquished Creatures (collateral kills)
  A komodo dragon (Lair:1)
  An adder (D:5)
  A worm (D:2)
  An orc (D:4)
  6 goblins
  A hobgoblin (D:4)
11 creatures vanquished.

Vanquished Creatures (others)
  6 fungi (D:8)
  2 plants
8 creatures vanquished.

Grand Total: 287 creatures vanquished

Notes
Turn   | Place    | Note
-------+----------+-------------------------------------------
     0 | D:1      | nht the Draconian Transmuter began the quest for the Orb.
     0 | D:1      | Reached XP level 1. HP: 16/16 MP: 3/3
   493 | D:2      | Reached XP level 2. HP: 12/23 MP: 3/5
   643 | D:2      | Reached XP level 3. HP: 22/28 MP: 4/6
   957 | D:2      | Reached skill level 4 in Unarmed Combat
   961 | D:2      | Learned a level 2 spell: Sticks to Snakes
   965 | D:2      | Learned a level 3 spell: Spider Form
  1305 | D:3      | Reached XP level 4. HP: 23/35 MP: 3/7
  1735 | D:3      | Reached skill level 5 in Unarmed Combat
  1854 | D:3      | Reached XP level 5. HP: 30/40 MP: 6/8
  1878 | D:4      | Found a staircase to the Ecumenical Temple.
  1903 | Temple   | Entered the Ecumenical Temple
  2003 | Temple   | Became a worshipper of Ru the Awakened
  2126 | D:4      | Noticed Edmund
  2139 | D:4      | Killed Edmund
  2139 | D:4      | Reached XP level 6. HP: 24/47 MP: 6/9
  2191 | D:4      | Reached skill level 6 in Unarmed Combat
  2380 | D:4      | Noticed Robin
  2392 | D:4      | Killed Robin
  2600 | D:4      | Your scales start taking on a fiery red colour.
  2600 | D:4      | Reached XP level 7. HP: 41/52 MP: 6/10
  2600 | D:4      | Gained mutation: Your flesh is heat resistant. (rF+) [Red Draconian growth]
  2622 | D:4      | Gained mutation: You cannot be stealthy. [Ru sacrifice]
  2641 | D:4      | Reached skill level 7 in Unarmed Combat
  2674 | D:4      | Noticed Menkaure
  2684 | D:4      | Killed Menkaure
  2684 | D:4      | Reached skill level 5 in Transmutations
  2887 | D:3      | Found a snail-covered altar of Cheibriados.
  2949 | D:5      | Entered Level 5 of the Dungeon
  3008 | D:5      | Reached skill level 8 in Unarmed Combat
  3230 | D:5      | Reached XP level 8. HP: 33/59 MP: 6/11
  3327 | D:5      | Found a deep blue altar of Sif Muna.
  3493 | D:6      | Learned a level 5 spell: Blade Hands
  3632 | D:6      | Reached skill level 9 in Unarmed Combat
  3996 | D:5      | Found a snail-covered altar of Cheibriados.
  3998 | D:5      | Found a shattered altar of Ashenzari.
  4018 | D:5      | Reached skill level 10 in Unarmed Combat
  4078 | D:5      | Reached XP level 9. HP: 42/64 MP: 12/12
  4515 | D:7      | Got a crude trident
  4516 | D:7      | Identified the +3 trident of Iconoclasm {antimagic, rPois Str+3 Int-2 Dex+2} (You found it on level 7 of the Dungeon)
  4566 | D:7      | Gained mutation: You are frail. (-10% HP) [Ru sacrifice]
  4566 | D:7      | Reached * piety under Ru
  4566 | D:7      | Reached ** piety under Ru
  4566 | D:7      | Reached *** piety under Ru
  5238 | D:7      | Reached skill level 11 in Unarmed Combat
  5495 | D:8      | Noticed Prince Ribbit
  5503 | D:8      | Killed Prince Ribbit
  5694 | D:8      | Reached skill level 12 in Unarmed Combat
  5694 | D:8      | Reached XP level 10. HP: 43/63 MP: 13/13
  6072 | D:8      | Found a sacrificial altar of Ru.
  6501 | D:8      | Found a staircase to the Lair.
  6542 | D:8      | Gained mutation: You cannot train Dodging skill. [Ru sacrifice]
  6542 | D:8      | Reached **** piety under Ru
  6542 | D:8      | Reached ***** piety under Ru
  6598 | D:8      | Found a white marble altar of Elyvilon.
  6704 | Lair:1   | Entered Level 1 of the Lair of Beasts
  7111 | Lair:1   | Noticed a spiny frog
  7115 | Lair:1   | Killed a spiny frog
  7157 | Lair:1   | Reached skill level 13 in Unarmed Combat
  7352 | Lair:1   | Noticed a spiny frog
  7358 | Lair:1   | Killed a spiny frog
  7609 | Lair:1   | Noticed Gastronok
  7627 | Lair:1   | Killed Gastronok
  7627 | Lair:1   | Reached skill level 10 in Transmutations
  7627 | Lair:1   | Reached XP level 11. HP: 34/69 MP: 8/14
  7936 | Lair:1   | Learned a level 4 spell: Ice Form
  8034 | Lair:1   | Reached skill level 14 in Unarmed Combat
  8315 | Lair:2   | Found a staircase to the Swamp.
  9375 | Lair:3   | Found a staircase to the Snake Pit.
  9645 | Lair:3   | Reached skill level 15 in Unarmed Combat
 10095 | Lair:4   | Reached XP level 12. HP: 32/74 MP: 5/15
 10395 | Lair:4   | HP: 3/74 [blink frog (11)]
 10412 | Lair:4   | HP: 4/111 [black mamba (3)]
 10413 | Lair:4   | Slain by a black mamba

Vault maps used:
D:1:      dpeg_arrival_oval
D:2:      first_bread, kennysheep_generic_room_16
D:3:      lemuel_upstairs_altar, minmay_liquid_box
D:4:      minmay_temple_entry_crystal_x, kennysheep_diamond, uniq_edmund,
          uniq_menkaure, uniq_robin
D:5:      grunt_temple_overflow_open, nicolae_underground_beach
D:7:      grunt_livestock
D:8:      kennysheep_little_box, due_lair_maze_entry_diamond,
          nicolae_ru_path_of_blood, uniq_prince_ribbit1
Temple:   minmay_crystal_spiral_temple
Lair:1:   grunt_megastairs_2, uniq_gastronok
Lair:2:   minmay_swamp_entry_swarm, beast_lair_carwin_7
Lair:3:   minmay_snake_entry_guardpost_small, minivault_11, minivault_26,
          small_statue_intersection
Lair:4:   kennysheep_basilisk_garden, minmay_lair_oklob_chamber

Skill      XL: |  1  2  3  4  5  6  7  8  9 10 11 |
---------------+----------------------------------+-----
Unarmed Combat | 4 5 6 8 10 12 13 15 | 15.8
Transmutations | 3 4 5 6 8 10 11 | 11.5
Dodging        | 0 |  0.0
Fighting       | |  1.1
Spellcasting   | |  2.0

Action                   |  1- 3 |  4- 6 |  7- 9 | 10-12 || total
-------------------------+-------+-------+-------+-------++-------
Melee: Unarmed           |    97 |   137 |   339 |   310 ||   883
       Headbutt          |     4 |     7 |     2 |       ||    13
       Tailslap          |     5 |    10 |    12 |    14 ||    41
       Punch             |       |     1 |     5 |     7 ||    13
 Cast: Beastly Appendage |    16 |    11 |     2 |       ||    29
       Sticks to Snakes  |     3 |     3 |     2 |       ||     8
       Spider Form       |     1 |     6 |    17 |       ||    24
       Blade Hands       |       |       |     6 |    32 ||    38
Invok: Sacrifice Stealth |       |       |     1 |       ||     1
       Sacrifice Health  |       |       |     1 |       ||     1
       Sacrifice Nimblen |       |       |       |     1 ||     1
       Draw Out Power    |       |       |       |     2 ||     2
       Power Leap        |       |       |       |     1 ||     1
       Reject Sacrifices |       |       |       |     1 ||     1
 Abil: Breathe Fire      |       |       |     1 |       ||     1
Evoke: Wand              |       |       |     3 |     9 ||    12
  Use: Scroll            |     9 |     3 |     8 |     8 ||    28
       Potion            |     3 |     2 |     1 |     6 ||    12
 Stab: Confused          |       |       |     2 |     7 ||     9
       Invisible         |       |       |     2 |     4 ||     6
       Distracted        |       |       |     1 |     2 ||     3
       Paralysed         |       |       |       |     3 ||     3
  Eat: Chunk             |     2 |     5 |    14 |    17 ||    38
       Fruit             |       |       |     2 |     6 ||     8
       Meat ration       |       |       |       |     1 ||     1
Armor: Skin              |    32 |    37 |    62 |    93 ||   224
Dodge: Dodged            |    66 |    94 |   191 |   155 ||   506
